 Dungeon Crawl Stone Soup version 0.29.0-11-gd7f09526c8 (webtiles) character file.

Game seed: 15541001474363207722

3971 concernfroge the Fighter (level 10, -4/85 HPs)
             Began as a Mummy Monk on Sept 5, 2022.
             Was an Initiate of Gozag.
             Slain by a yak (13 damage)
             ... on level 10 of the Dungeon.
             The game lasted 00:26:08 (9224 turns).

concernfroge the Fighter (Mummy Monk)               Turns: 9224, Time: 00:26:08

Health: -4/85      AC:  7    Str: 17    XL:     10   Next: 2%
Magic:  10/10      EV: 11    Int:  9    God:    Gozag
Gold:   1031       SH:  0    Dex: 17    Spells: 9/9 levels left

rFire   . . .      SeeInvis .   l - +0 arbalest
rCold   . . .      Faith    .   (shield currently unavailable)
rNeg    + + +      Spirit   .   a - +2 ring mail {Will+}
rPois   ∞          Reflect  .   (no helmet)
rElec   .          Harm     .   (no cloak)
rCorr   .          Rampage  .   (no gloves)
Will    ++...                   (no boots)
Stlth   +.........              (no amulet)
HPRegen 0.24/turn               d - ring of fire
MPRegen 0.12/turn               f - ring of flight

@: flying
A: cold resistance 1, negative energy resistance 3, torment resistance 2, heat
vulnerability 1, in touch with death 1, no potions
a: Renounce Religion, Potion Petition, Call Merchant, Bribe Branch


You were on level 10 of the Dungeon.
You worshipped Gozag.
Gozag was most pleased with you.
You visited 2 branches of the dungeon, and saw 11 of its levels.

You collected 1031 gold pieces.

Inventory:

Hand Weapons
 l - a +0 arbalest (weapon)
Missiles
 o - 10 poisoned darts
 p - 6 boomerangs
 u - 2 throwing nets
Armour
 a - a +2 ring mail of willpower (worn)
 n - a +2 cloak
Jewellery
 d - a ring of fire (left hand)
 f - a ring of flight (right hand)
 h - a ring of fire
Scrolls
 b - 2 scrolls of enchant armour
 e - 3 scrolls of poison
 g - 5 scrolls of silence
 i - 2 scrolls of butterflies
 m - a scroll of enchant weapon {unknown}
 q - a scroll of brand weapon {unknown}
 s - a scroll of fear {unknown}
 t - a scroll of torment


   Skills:
 - Level 10.0 Fighting
 - Level 2.4 Polearms
 + Level 9.2 Ranged Weapons
 - Level 2.4 Dodging
 - Level 1.5 Stealth


You had 9 spell levels left.
You didn't know any spells.
Your spell library contained the following spells:

 Spells                   Type           Power      Damage    Failure   Level
 Sandblast                Erth           0%         2d4       58%         1
 Slow                     Hex            0%         N/A       58%         1
 Summon Small Mammal      Summ           0%         N/A       58%         1
 Passwall                 Tmut/Erth      0%         N/A       75%         2
 Call Canine Familiar     Summ           0%         N/A       92%         3
 Confusing Touch          Hex            0%         N/A       92%         3
 Stone Arrow              Conj/Erth      0%         3d7       92%         3
 Summon Guardian Golem    Hex/Summ       0%         N/A       92%         3
 Vampiric Draining        Necr           0%         2d6       92%         3
 Passage of Golubria      Tloc           0%         N/A       100%        4
 Petrify                  Tmut/Erth      0%         N/A       100%        4
 Borgnjor's Vile Clutch   Necr/Erth      0%         N/A       100%        5
 Irradiate                Conj/Tmut      0%         3d11      100%        5
 Metabolic Englaciation   Hex/Ice        0%         N/A       100%        5
 Silence                  Hex/Air        0%         N/A       100%        5
 Death Channel            Necr           0%         N/A       100%        6
 Lehudib's Crystal Spear  Conj/Erth      0%         10d2      100%        8
 Sublimation of Blood     Necr           Unusable   N/A       N/A         2
 Animate Dead             Necr           Unusable   N/A       N/A         4
 Statue Form              Tmut/Erth      Unusable   N/A       N/A         6

Dungeon Overview and Level Annotations

Branches:
Dungeon (10/15)            Temple (1/1) D:5
   Lair: D:8-11         Orc: D:9-12

Altars:
Ashenzari
Cheibriados
Dithmenos
Fedhas
Gozag
Hepliaklqana
Kikubaaqudgha
Makhleb
Nemelex Xobeh
Qazlal
Ru
Sif Muna
Vehumet
Wu Jian
Yredelemnul

Shops:
D:3 :=(   D:4 :

Annotations:
D:7 exclusions: downstairs and orange crystal statue


Innate Abilities, Weirdness & Mutations

You are immune to poison.
Your flesh is cold resistant. (rC+)
You are immune to negative energy. (rN+++)
You are immune to unholy pain and torment.
You are vulnerable to heat. (rF-)
You are in touch with the powers of death.
You do not drink.


Message History

You hear a loud clanging noise!
It was a scroll of noise.
You hear a croak.
You hear a loud, deep croak!
You hear a shout!
The yak gores you.
* * * LOW HITPOINT WARNING * * *
The yak gores you but does no damage.
Blink to where?
Press: ? - help, Dir - move target
As you read the scroll labelled JATUNIPSOAC, it crumbles to dust.
It was a scroll of blinking.
Fire: l) +0 arbalest
Press: ? - help, Q - select action, (/) - cycle Shift-Dir - straight line, f - yak
Aim: a yak (almost dead, 75% to hit)
You shoot a bolt.
The bolt hits the yak but does no damage.
The yak is almost dead.
The yak misses you.
You fly downwards.
Found 12 gold pieces.
There is a stone staircase leading up here.
Fire: l) +0 arbalest
Press: ? - help, Q - select action, (/) - cycle Shift-Dir - straight line You shoot a bolt.
The yak completely misses you.
Fire: l) +0 arbalest
Press: ? - help, Q - select action, (/) - cycle Shift-Dir - straight line, f - yak
Aim: a yak (almost dead, 75% to hit)
You shoot a bolt. The bolt barely misses the yak.
The yak gores you!
* * * LOW HITPOINT WARNING * * *
The yak gores you.
* * * LOW HITPOINT WARNING * * *
Fire: l) +0 arbalest
Press: ? - help, Q - select action, (/) - cycle Shift-Dir - straight line, p - yak
Okay, then.
The air fills with toxic fumes!
As you read the scroll of poison, it crumbles to dust.
The yak gores you!
You die...
Your body crumbles into a pile of gold.

#§ #§ #§§ # #§§
§ §§##§§# #§§
§§§§§§§####§§§§
§§§§§§§§§§§§§§#
§§§§§§§@§#
####§§Y§##
#§§§## #§§§
##§§ #§§ #§§
###


You could see a yak.

Vanquished Creatures
  A two-headed ogre (D:6)
  2 yaks
  A steam dragon (D:7)
  2 water moccasins
  An orc warrior (D:7)
  An ice beast (D:5)
  2 black bears
  3 ogres
  A phantom (D:4)
  3 bullfrogs
  2 necrophages
  3 scorpions
  7 wights
  4 electric eels (D:7)
  6 hounds
  2 gnoll boudas
  A jelly (D:7)
  3 iguanas
  10 adders
  10 gnolls
  A shadow imp (D:7)
  2 white imps (D:6)
  A worm (D:3)
  2 dart slugs
  18 orcs
  6 ball pythons
  7 endoplasms
  4 giant cockroaches
  11 hobgoblins
  7 jackals
  8 kobolds
  3 quokkas
  2 bats (D:1)
  2 frilled lizards
  13 goblins
  4 rats
156 creatures vanquished.

Vanquished Creatures (collateral kills)
  2 ice beasts (D:6)
  A black bear (D:6)
  An ogre (D:6)
  A kobold brigand (D:6)
  2 kobolds (D:6)
7 creatures vanquished.

Vanquished Creatures (others)
  A hound (D:6)
  A white imp (D:6)
2 creatures vanquished.

Grand Total: 165 creatures vanquished

Notes
Turn   | Place    | Note
-------+----------+-------------------------------------------
     0 | D:1      | concernfroge the Mummy Monk began the quest for the Orb.
     0 | D:1      | Reached XP level 1. HP: 18/18 MP: 1/1
     2 | D:1      | Noticed an elf
     2 | D:1      | Noticed an ogre
     4 | D:1      | Noticed a human
     6 | D:1      | Noticed a demonspawn
     6 | D:1      | Noticed a gargoyle
     8 | D:1      | Noticed an octopode
     8 | D:1      | Noticed a meteoran
    10 | D:1      | Noticed a troll
    10 | D:1      | Noticed a demigod
    12 | D:1      | Noticed a minotaur
    12 | D:1      | Noticed a formicid
    14 | D:1      | Noticed a ghoul
    14 | D:1      | Noticed a palentonga
    16 | D:1      | Noticed a vine stalker
    18 | D:1      | Noticed a draconian
    18 | D:1      | Noticed a felid
    20 | D:1      | Noticed a spriggan
    20 | D:1      | Noticed a naga
    22 | D:1      | Noticed a tengu
    22 | D:1      | Noticed a vampire
    24 | D:1      | Noticed a gargoyle
    24 | D:1      | Noticed a merfolk
    26 | D:1      | Noticed a naga
   231 | D:1      | You fall into a shaft and drop 1 floor!
   299 | D:2      | Reached XP level 2. HP: 18/24 MP: 2/2
   610 | D:2      | Reached skill level 4 in Fighting
   809 | D:2      | Gained mutation: You are in touch with the powers of death.
                  | [Mummy growth]
   809 | D:2      | Reached XP level 3. HP: 18/31 MP: 3/3
  1843 | D:1      | Found a faded altar of an unknown god.
  2615 | D:3      | Reached XP level 4. HP: 38/38 MP: 4/4
  2629 | D:3      | Reached skill level 5 in Fighting
  2821 | D:3      | Found Woacum's Antique Weapon Emporium.
  3021 | D:3      | Found Puky's Jewellery Shop.
  3064 | D:3      | Found Orhusaan's Book Shop.
  3152 | D:3      | Noticed an ogre
  3172 | D:3      | Killed an ogre
  3173 | D:3      | Reached skill level 1 in Ranged Weapons
  3173 | D:3      | Reached XP level 5. HP: 45/46 MP: 5/5
  3667 | D:3      | Reached skill level 6 in Fighting
  3711 | D:4      | Found Eneushue's Self-Improvement Boutique.
  3722 | D:4      | Noticed a black bear
  3740 | D:4      | Killed a black bear
  3741 | D:4      | Reached XP level 6. HP: 53/53 MP: 6/6
  3952 | D:4      | Reached skill level 7 in Fighting
  3977 | D:4      | Reached XP level 7. HP: 60/60 MP: 7/7
  4164 | D:4      | Found a shadowy altar of Dithmenos.
  4291 | D:5      | Entered Level 5 of the Dungeon
  4299 | D:5      | Found a basalt altar of Yredelemnul.
  4337 | D:5      | Found a staircase to the Ecumenical Temple.
  4345 | Temple   | Entered the Ecumenical Temple
  4417 | Temple   | Became a worshipper of Gozag Ym Sagoz the Greedy
  4726 | D:5      | Reached skill level 8 in Fighting
  4922 | D:5      | Reached XP level 8. HP: 67/69 MP: 8/8
  5494 | D:6      | Reached skill level 9 in Fighting
  5530 | D:6      | Noticed a two-headed ogre
  5647 | D:6      | Reached skill level 10 in Fighting
  5684 | D:6      | Reached skill level 5 in Ranged Weapons
  6065 | D:6      | Killed a two-headed ogre
  6066 | D:6      | Reached XP level 9. HP: 78/78 MP: 9/9
  6185 | D:6      | Found a sacrificial altar of Ru.
  7970 | D:7      | Noticed an orange crystal statue
  8813 | D:8      | Found a snail-covered altar of Cheibriados.
  9053 | D:7      | Reached XP level 10. HP: 80/85 MP: 10/10
  9216 | D:9      | Noticed a two-headed ogre
  9221 | D:10     | Entered Level 10 of the Dungeon
  9224 | D:10     | Slain by a yak

Illustrated notes

Levels and vault maps discovered:
D:1:      kb_arrival_jail, layout_loops_ring,
          hellmonk_ecumenical_altar_arch_garden
D:2:      layout_basic, minmay_mini_jars
D:3:      minmay_skewed_foursquare, layout_basic, serial_shops, shop,
          shop_coins, shop, minmay_ogre_servants
D:4:      layout_rooms, mainiacjoe_overflow_paths, nicolae_shop_self_help
D:5:      layout_rooms, general_overflow_altar, minmay_temple_entry_glassed_door
D:6:      layout_basic, nicolae_ru_path_of_blood, serial_corexii_hall,
          corexii_hall_statues_l, corexii_hall_statues_i
D:7:      statuecave_lemuel, layout_basic, kennysheep_big_empty_room
D:8:      layout_cave_pools, amcnicky_altar_gilded, old_standard_altar,
          grunt_ogre_cave, minmay_misc_feat_enclosed
D:9:      layout_rooms, grunt_temple_overflow_order_and_chaos_1,
          okawaru_metal_pillars_3, old_standard_altar,
          kennysheep_generic_room_9, uniq_pikel
D:10:     layout_layer_cave, eat_drink_and_be_merry_uskayaw, dpeg_lair_monsters,
          uniq_harold
Temple:   nicolae_temple_hex_pool

Skill      XL: |  1  2  3  4  5  6  7  8  9 |
---------------+----------------------------+-----
Fighting       | 4 5 6 7 8 10 | 10.0
Ranged Weapons | 1 2 3 6 9 |  9.2
Polearms       | |  2.4
Dodging        | |  2.4
Stealth        | |  1.5

Action                   |  1- 3 |  4- 6 |  7- 9 | 10-12 || total
-------------------------+-------+-------+-------+-------++-------
Melee: Spear             |   130 |       |       |       ||   130
       Punch             |     1 |       |       |       ||     1
       Hand axe          |     9 |       |       |       ||     9
 Fire: Arbalest          |    15 |   110 |   233 |    13 ||   371
Evoke: Wand              |       |       |    30 |     1 ||    31
  Use: Scroll            |     5 |     3 |     6 |     3 ||    17
 Stab: Sleeping          |     1 |       |       |       ||     1
Armor: Scale mail        |    53 |    46 |       |       ||    99
       Ring mail         |       |    13 |    67 |     2 ||    82
Dodge: Dodged            |    56 |    52 |   103 |     8 ||   219
